Map: Incorporeal LE

Players

Starnaught

  • Race: Zerg Zerg
  • League: Diamond
  • Spawn Location: 5:00

SubN - Winner!

  • Race: Zerg Zerg
  • League: Diamond
  • Spawn Location: 11:00

VOD

Have the link to the VOD?

Description

Time

  • Played on: July 22, 2025, 1:50 p.m.
  • Length: 3:57
Show
View Real Time Build Order
Export as new Build Order

Starnaught Zerg 

Build Orders: Hatch First 

Get SALT Encoding   

  12  0:00  Drone  
  13  0:13  Overlord  
  13  0:17  Drone  
  14  0:32  Drone x2  
  16  0:47  Hatchery  
  15  0:52  Drone  
  15  0:56  Drone  
  17  0:59  Drone  
  18  1:10  Extractor  
  17  1:16  Spawning Pool  
  16  1:20  Drone  
  16  1:23  Drone  
  18  1:34  Overlord  
  18  2:04  Queen  
  20  2:10  Zergling x8  
  24  2:16  Metabolic Boost  
  24  2:24  Zergling x2  
  24  2:25  Zergling x4  
  27  2:32  Overlord  
  27  2:42  Baneling Nest  
  26  2:45  Zergling x4  
  26  2:49  Overlord  
  28  2:53  Zergling x2  
  28  2:54  Zergling x2  
  29  3:06  Zergling x4  
  26  3:15  Zergling x8  
  26  3:19  Zergling x2  
  25  3:20  Queen  
Show
View Real Time Build Order
Export as new Build Order

SubN Zerg - Winner!

Build Orders: Pool First 

Get SALT Encoding   

  12  0:00  Drone  
  13  0:08  Drone  
  14  0:17  Extractor  
  13  0:28  Spawning Pool  
  12  0:54  Hatchery  
  11  1:14  Queen  
  13  1:29  Metabolic Boost  
  13  1:33  Overlord  
  13  1:38  Zergling x2  
  14  1:53  Zergling x2  
  14  1:54  Zergling x2  
  16  1:56  Zergling x2  
  17  2:10  Zergling x4  
  19  2:20  Zergling x2  
  19  2:21  Zergling x2  
  21  2:25  Zergling x6  
  24  2:33  Zergling x4  
  26  2:44  Zergling x4  
  28  2:52  Overlord  
  27  3:12  Zergling x6  
  25  3:13  Zergling x2  
  24  3:30  Zergling x2  
  24  3:31  Zergling x4  
Tags
 
Add a new tag
Caveats
  • Supply blocks, unpowered buildings, or Contaminate may cause inaccurate times.
  • Supply counts are checked every 10 seconds.